 Dungeon Crawl Stone Soup version 0.29-a0-923-g6e406bff71 (webtiles) character file.

Game seed: 14518125436200535743

88 mathmaestro the Purveyor of Pain (level 4, -4/33 HPs)
             Began as a Demonspawn Necromancer on July 27, 2022.
             Was an Initiate of Kikubaaqudgha.
             Slain by Grinder (6 damage)
             ... while paralysed by Grinder
             ... on level 3 of the Dungeon.
             The game lasted 00:05:13 (2386 turns).

mathmaestro the Purveyor of Pain (DsNe)             Turns: 2386, Time: 00:05:15

Health: -4/33      AC:  2    Str:  8    XL:     4   Next: 29%
Magic:  8/8        EV:  2    Int: 19    God:    Kikubaaqudgha [......]
Gold:   73         SH:  0    Dex: 13    Spells: 4/8 levels left

rFire   . . .      SeeInvis +   f - +0 dagger (speed)
rCold   . . .      Faith    .   (no shield)
rNeg    . . .      Spirit   .   a - +0 robe
rPois   .          Reflect  .   (no helmet)
rElec   .          Harm     .   (no cloak)
rCorr   .          Rampage  .   (no gloves)
Will    .....                   (no boots)
Stlth   ++........              (no amulet)
HPRegen 0.11/turn               c - ring of see invisible
MPRegen 0.11/turn               j - ring of wizardry

@: paralysed, weak-willed
A: weakness stinger 2
a: Renounce Religion


You were on level 3 of the Dungeon.
You worshipped Kikubaaqudgha.
Kikubaaqudgha was noncommittal.
You visited 1 branch of the dungeon, and saw 3 of its levels.

You collected 73 gold pieces.

Inventory:

Hand Weapons
 f - a +0 dagger of speed (weapon)
 h - a +0 long sword
Armour
 a - a +0 robe (worn)
 p - a +1 leather armour
Jewellery
 c - a ring of see invisible (left hand)
 j - a ring of wizardry (right hand)
Scrolls
 g - a scroll of amnesia
Potions
 b - a potion of magic
 d - a potion of berserk rage {unknown}
 m - a potion of flight {unknown}
 n - a potion of brilliance {unknown}
 o - 2 potions of degeneration {unknown}


   Skills:
 + Level 2.0 Fighting
 - Level 2.0 Dodging
 - Level 2.0 Stealth
 + Level 2.8 Spellcasting
 + Level 5.1 Necromancy


You had 4 spell levels left.
You knew the following spells:

 Your Spells              Type           Power      Damage    Failure   Level
a - Necrotise             Necr           88%        1d8       1%          1
b - Vampiric Draining     Necr           22%        2d7       2%          3

Your spell library contained the following spells:

 Spells                   Type           Power      Damage    Failure   Level
 Foxfire                  Conj/Fire      8%         2x1d4     6%          1
 Magic Dart               Conj           8%         1d3       6%          1
 Animate Dead             Necr           22%        N/A       8%          4
 Call Imp                 Summ           2%         N/A       10%         2
 Conjure Flame            Conj/Fire      2%         6-21      19%         3
 Inner Flame              Hex/Fire       2%         N/A       19%         3
 Mephitic Cloud           Conj/Pois/Air  2%         N/A       19%         3
 Flame Wave               Conj/Fire      2%         2d4       50%         4
 Agony                    Necr           22%        N/A       21%         5


Dungeon Overview and Level Annotations

Branches:
Dungeon (3/15)

Altars:
Kikubaaqudgha

Annotations:
D:3 Grinder


Innate Abilities, Weirdness & Mutations

You have a tail ending in a sharp stinger.


Message History

Grinder is heavily wounded.
Grinder gestures at you.
You struggle to resist.
You barely miss Grinder. You tail-slap Grinder.
Grinder is heavily wounded.
Grinder gestures at you.
You suddenly lose the ability to move!
Grinder completely misses you.
Grinder blinks!
Grinder gestures at you. Pain shoots through your body!
You can move again.
You closely miss Grinder.
Grinder is heavily wounded.
You barely miss Grinder.
Grinder is heavily wounded.
Grinder misses you.
You hit Grinder but do no damage.
Grinder is heavily wounded.
Grinder hits you.
You writhe in agony.
* * * LOW HITPOINT WARNING * * *
Okay, then.
You feel much better. Grinder completely misses you.
You barely miss Grinder.
Grinder is heavily wounded.
You hit Grinder but do no damage.
Your tail-slap misses Grinder.
Grinder is heavily wounded.
Grinder gestures at you. Pain shoots through your body!
You hit Grinder but do no damage.
Grinder is heavily wounded.
Grinder gestures at you.
You suddenly lose the ability to move!
Grinder hits you!
You writhe in agony.
* * * LOW HITPOINT WARNING * * *
Grinder hits you.
* * * LOW HITPOINT WARNING * * *
You writhe in agony.
You die...
Kikubaaqudgha rasps: "You have failed me!
Welcome... death!"

*,***#,###...,,,<,,,,*#.....#
*,* *......,,,,,*****###.###
*,* #$#...#,***** #.# *,*
#.....*,# #.# *.####.#..##.#
#.# *............# ### #.#
**,,,,,#..#*** ##.## #.#
*,****#..######.#.######.#####
*,* #...).5@.###............
*,* ##.######.#.######.#####
*,* #.........#######.# *,*
########..........# ** *,*
#..######### *, *,* #..# *,
*,* *#..#* ****,
*,************....****** *,,,,
*,*,,,,,,,,,,.....,,,,,* *,***


You could see Grinder (weak-willed).

Vanquished Creatures
  A gnoll (D:1)
  3 adders
  A worm (D:2)
  2 orcs
  7 bats
  4 endoplasms
  2 giant cockroaches
  5 goblins
  4 hobgoblins
  3 jackals (D:2)
  3 quokkas (D:1)
  2 ball pythons
  2 kobolds (D:1)
  6 rats
45 creatures vanquished.

Notes
Turn   | Place    | Note
-------+----------+-------------------------------------------
     0 | D:1      | mathmaestro the Demonspawn Necromancer began the quest for
                  | the Orb.
     0 | D:1      | Reached XP level 1. HP: 13/13 MP: 3/3
   167 | D:1      | Gained mutation: You have a small tail. [demonic ancestry]
   167 | D:1      | Reached XP level 2. HP: 20/20 MP: 3/5
   523 | D:1      | Reached skill level 1 in Fighting
   662 | D:1      | Reached XP level 3. HP: 6/26 MP: 0/6
   905 | D:1      | Learned a level 3 spell: Vampiric Draining
  1073 | D:1      | Found a faded altar of an unknown god.
  1529 | D:2      | Reached skill level 5 in Necromancy
  1671 | D:2      | Found an ancient bone altar of Kikubaaqudgha.
  1676 | D:2      | Became a worshipper of Kikubaaqudgha
  1783 | D:2      | Gained mutation: You have a tail ending in a sharp stinger.
                  | [demonic ancestry]
  1783 | D:2      | Reached XP level 4. HP: 32/33 MP: 2/8
  2306 | D:3      | Noticed Grinder
  2372 | D:3      | Paralysed by Grinder for 4 turns
  2384 | D:3      | Paralysed by Grinder for 2 turns
  2386 | D:3      | Slain by Grinder

Illustrated notes

Levels and vault maps discovered:
D:1:      tarquinn_simple_flora_water_b, layout_rooms,
          hellmonk_ecumenical_altar_leap_of_faith
D:2:      layout_basic, basic_altar
D:3:      layout_loops_ring, uniq_grinder

Skill      XL: |  1  2  3  4 |
---------------+-------------+-----
Stealth        | 2 |  2.0
Dodging        | 2 |  2.0
Fighting       | 1 2 |  2.0
Necromancy     | 5 |  5.1
Spellcasting   | |  2.8

Action                   |  1- 3 |  4- 6 || total
-------------------------+-------+-------++-------
Melee: Unarmed           |     1 |       ||     1
       Dagger            |    16 |    26 ||    42
       Tailslap          |     1 |     4 ||     5
 Cast: Necrotise         |    65 |    20 ||    85
  Use: Scroll            |     2 |     3 ||     5
       Potion            |       |     2 ||     2
Armor: Robe              |     2 |     3 ||     5
Dodge: Dodged            |    20 |    10 ||    30

Table legend: (Time is in decaauts)
 A = Elapsed time spent in this place.
 B = Non-inter-level travel time spent in this place.
 C = Inter-level travel time spent in this place.
 D = Time resting spent in this place.
 E = Time spent auto-exploring this place.
 F = Levels seen in this place.
 G = Mean time per level.
                   A        B        C        D        E       F      G
               +--------+--------+--------+--------+--------+-----+--------+
         Total |   2369 |   2317 |     52 |    742 |   1215 |   3 |  789.7 |
       Dungeon |   2369 |   2317 |     52 |    742 |   1215 |   3 |  789.7 |
               +--------+--------+--------+--------+--------+-----+--------+

Top non-repeatable levels by time:
     D:1: 1097 daAuts
     D:2: 1041 daAuts
     D:3: 230 daAuts
